 Dungeon Crawl Stone Soup version 0.26-a0-682-g294304f6e8 (console) character file.

Game seed: 1632584991879116791

1121 om the Ducker (level 8, 0/48 HPs)
             Began as an Octopode Transmuter on Oct 20, 2020.
             Was an Initiate of Gozag.
             Slain by a wight
             ... wielding a cursed +2 trident
              (7 damage)
             ... on level 8 of the Dungeon.
             The game lasted 00:16:56 (9473 turns).

om the Ducker (Octopode Transmuter)                 Turns: 9473, Time: 00:16:57

Health: 0/48       AC:  5    Str: 11    XL:     8   Next: 34%
Magic:  9/12       EV: 15    Int: 16    God:    Gozag
Gold:   352        SH:  0    Dex: 12    Spells: 9/13 levels left

rFire    . . .     SeeInvis .   i - +1 whip (drain)
rCold    . . .     Faith    .   (no shield)
rNeg     . . .     Spirit   .   (helmet currently unavailable)
rPois    .         Reflect  .   (no amulet)
rElec    .         Harm     .   l - +4 ring of protection
rCorr    .         Rampage  .   (no ring)
MR       .....                  (no ring)
Stlth    ++........             (no ring)
HPRegen  0.16/turn              (no ring)
MPRegen  0.13/turn              (no ring)
                                (no ring)
                                (no ring)

@: appendages (expiring), gold aura, lightly drained
A: almost no armour, stealthy swim, amphibious, 8 rings, constrict 8, tentacle
spike 3, camouflage 1, gelatinous body 1
a: End Transformation, Potion Petition, Call Merchant, Bribe Branch, Renounce
Religion


You were on level 8 of the Dungeon.
You worshipped Gozag.
Gozag was aware of your devotion.
One of your tentacles had a temporary spike.
You visited 1 branch of the dungeon, and saw 8 of its levels.

You collected 434 gold pieces.
You paid 82 gold pieces to Gozag.

Inventory:

Hand Weapons
 i - a +1 whip of draining (weapon)
Jewellery
 j - an uncursed amulet of faith
 l - a +4 ring of protection (left tentacle)
Scrolls
 a - 4 scrolls of remove curse {unknown}
 c - 2 scrolls of teleportation
 e - 2 scrolls of identify
 f - a scroll of noise {unknown}
 h - 2 scrolls of immolation
 k - a scroll of fog {unknown}
 p - 2 scrolls of enchant weapon
Potions
 b - a potion of brilliance {unknown}
 d - a potion of magic {unknown}
 g - a potion of invisibility {unknown}
 m - a potion of heal wounds {unknown}
 o - a potion of cancellation {unknown}


   Skills:
 - Level 1.0(0.6) Fighting
 * Level 5.3(4.9) Maces & Flails
 * Level 5.5(5.1) Dodging
 - Level 3.8(3.4) Unarmed Combat
 - Level 3.0(2.6) Spellcasting
 - Level 5.0(4.6) Transmutations


You had 9 spell levels left.
You knew the following spells:

 Your Spells              Type           Power        Failure   Level
a - Beastly Appendage     Tmut           ###...       3%          1
b - Spider Form           Tmut/Pois      #.........   22%         3

Your spell library contained the following spells:

 Spells                   Type           Power        Failure   Level
 Wereblood                Tmut           ###.....     4%          2
 Ice Form                 Ice/Tmut       #.......     58%         4
 Blade Hands              Tmut           ###.......   63%         5


Dungeon Overview and Level Annotations

Branches:
Dungeon (9/15)
 Temple: D:4-7         Lair: D:8-11         Orc: D:9-12

Altars:
Cheibriados
Dithmenos
Fedhas
Gozag
Makhleb
Okawaru
Xom
Yredelemnul


Innate Abilities, Weirdness & Mutations

You cannot wear most types of armour.
You are very stealthy in the water. (Stealth+)
You are amphibious.
You can wear up to eight rings at the same time.
You can use your tentacles to constrict eight enemies at once.
Your skin changes colour to match your surroundings (Stealth+).
Your rubbery body absorbs attacks. (AC +1, EV +1)
One of your tentacles bears a large vicious spike.


Message History

You constrict the wight. The wight hits you with a +0 war axe.
You hit the wight but do no damage.
The wight is almost destroyed.
You constrict the wight.
You destroy the wight!
You hit the wight but do no damage. You grab the wight.
You constrict the wight. The wight misses you.
You hit the wight but do no damage.
You pierce the wight.
You squeeze the wight.
The wight is severely damaged.
You constrict the wight, but do no damage.
The wight hits you from afar with a cursed +2 trident!
* * * LOW HITPOINT WARNING * * *
You feel drained.
* * * LOW HITPOINT WARNING * * *
You hit the wight.
Your tentacle spike misses the wight.
You squeeze the wight, but do no damage.
The wight is severely damaged.
You constrict the wight. The wight misses you.
The wight hits you from afar with a cursed +2 trident!
You die...
Your body crumbles into a pile of gold.

#...))...z.....
#.####.........
#.# #.........
#.# #.........
#.# #.........
#.# #.........
#.# #........
#.# ....... #.#
$
######.####.#'#
#......@zz.....
#############.#


You could see 2 wights.

Vanquished Creatures
  2 ogres
  A centaur (D:5)
  A bullfrog (D:6)
  4 wights (D:8)
  A howler monkey (D:5)
  A crimson imp (D:5)
  An orc priest (D:5)
  4 iguanas
  4 worker ants
  Terence (D:3)
  A hound zombie (D:9)
  A hound skeleton (D:4)
  11 gnolls
  7 adders
  A white imp (D:9)
  2 ufetubi
  2 oozes
  A worm (D:3)
  A dart slug (D:3)
  4 leopard geckos
  5 orcs
  3 giant cockroaches
  9 goblins
  9 hobgoblins
  15 jackals
  A quokka (D:5)
  A ball python (D:3)
  5 bats
  4 frilled lizards
  6 kobolds
  A leopard gecko skeleton (D:5)
  5 rats
115 creatures vanquished.

Vanquished Creatures (others)
  2 plants (D:4)
2 creatures vanquished.

Grand Total: 117 creatures vanquished

Notes
Turn   | Place    | Note
-------+----------+-------------------------------------------
     0 | D:1      | om the Octopode Transmuter began the quest for the Orb.
     0 | D:1      | Reached XP level 1. HP: 13/13 MP: 3/3
   372 | D:1      | Reached XP level 2. HP: 10/18 MP: 5/5
  1946 | D:1      | Reached XP level 3. HP: 23/23 MP: 6/6
  2290 | D:2      | Found a snail-covered altar of Cheibriados.
  2752 | D:2      | Found an iron altar of Okawaru.
  2882 | D:2      | Reached XP level 4. HP: 28/28 MP: 5/7
  2915 | D:2      | Reached skill level 1 in Maces & Flails
  3410 | D:3      | Learned a level 3 spell: Spider Form
  3820 | D:3      | Noticed Terence
  3829 | D:3      | Killed Terence
  3829 | D:3      | Reached XP level 5. HP: 33/33 MP: 7/9
  6062 | D:4      | Noticed an ogre
  6183 | D:4      | Reached XP level 6. HP: 38/38 MP: 10/10
  7086 | D:4      | Reached XP level 7. HP: 43/43 MP: 11/11
  7247 | D:5      | Entered Level 5 of the Dungeon
  7635 | D:5      | Found a basalt altar of Yredelemnul.
  7713 | D:5      | Found a burning altar of Makhleb.
  7715 | D:5      | Found a shimmering altar of Xom.
  7717 | D:5      | Paralysed by a crimson imp for 4 turns
  7983 | D:5      | Found an opulent altar of Gozag.
  7989 | D:5      | Became a worshipper of Gozag Ym Sagoz the Greedy
  8037 | D:5      | Found a basalt altar of Yredelemnul.
  8820 | D:6      | Found a blossoming altar of Fedhas.
  8882 | D:6      | Reached skill level 5 in Transmutations
  8914 | D:6      | Reached XP level 8. HP: 21/48 MP: 9/12
  9087 | D:6      | Found a shadowy altar of Dithmenos.
  9184 | D:6      | You fall into a shaft and drop 3 floors!
  9204 | D:9      | Reached skill level 5 in Dodging
  9359 | D:8      | Reached skill level 5 in Maces & Flails
  9473 | D:8      | Slain by a wight

Illustrated notes

Levels and vault maps discovered:
D:1:      scummos_arrival_hexagon, layout_loops_cross
D:2:      layout_loops_corners, old_standard_altar, cheibriados_altar_1
D:3:      layout_basic, minmay_cupped, uniq_terence
D:4:      layout_cave_pools, serial_bayou_pond_a
D:5:      layout_basic, grunt_temple_overflow_champion_of_chaos,
          yredelemnul_altar_generic, basic_altar, grunt_gozag_breadcrumbs
D:6:      layout_basic, marbit_many_paths, nicolae_overflow_crystal_walls,
          basic_altar
D:8:      cheibrodos_shockbox, layout_basic, vehumet_statue, lair_entry_dummy,
          serial_shops, shop
D:9:      layout_roguey, uniq_harold

Skill      XL: |  1  2  3  4  5  6  7  8 |
---------------+-------------------------+-----
Maces & Flails | 1 2 3 4 5 |  5.3
Transmutations | 3 4 5 |  5.0
Spellcasting   | 3 |  3.0
Dodging        | 3 4 5 |  5.5
Fighting       | |  1.0
Unarmed Combat | |  3.8

Action                   |  1- 3 |  4- 6 |  7- 9 || total
-------------------------+-------+-------+-------++-------
Melee: Unarmed           |    44 |    23 |    34 ||   101
       Constrict         |    17 |    25 |    18 ||    60
       Tentacles         |     5 |    18 |    14 ||    37
       Kick              |     5 |    12 |    20 ||    37
       Whip              |    31 |   110 |    92 ||   233
       Punch             |     1 |     3 |     3 ||     7
 Cast: Beastly Appendage |    11 |    15 |    13 ||    39
       Spider Form       |       |     2 |     3 ||     5
  Use: Scroll            |       |       |     6 ||     6
 Stab: Sleeping          |     7 |     4 |     3 ||    14
Armor: Skin              |     6 |    21 |    15 ||    42
Dodge: Dodged            |    46 |   169 |   104 ||   319

Table legend: (Time is in decaauts)
 A = Elapsed time spent in this place.
 B = Non-inter-level travel time spent in this place.
 C = Inter-level travel time spent in this place.
 D = Time resting spent in this place.
 E = Time spent auto-exploring this place.
 F = Levels seen in this place.
 G = Mean time per level.
                   A        B        C        D        E       F      G
               +--------+--------+--------+--------+--------+-----+--------+
         Total |   9461 |   9227 |    234 |   4515 |   3546 |   8 | 1182.6 |
       Dungeon |   9461 |   9227 |    234 |   4515 |   3546 |   8 | 1182.6 |
               +--------+--------+--------+--------+--------+-----+--------+

Top non-repeatable levels by time:
     D:3: 2099 daAuts
     D:1: 2097 daAuts
     D:2: 1879 daAuts
     D:5: 1558 daAuts
     D:4: 1171 daAuts
     D:6: 372 daAuts
     D:8: 222 daAuts
     D:9: 59 daAuts
